grondr, neutral male human Ranger [ ------- ------- ------ |.._@.| --..|+..) +..(| |a..a*| --...#... ... |.N.O.| /*) = --------- --....|-|------|-- ----|---- ( ? --.......-- --.....#..........-----|.......|------ --------.........----.....--...............#.......#...[.| + ) --+...)()...?}%...........--............................).| ( |<..[..=..?.}{}.........*)%+............................_.+ --.[........}[}...........--............................`.| --------.........----....!--...............#.......#.....| ? --.......-- _--.....#..........-----|a......|------ --------- --....|-|------|-- ----|---- [ --...#... ... . ... ? --..|?..! [..!| *...% " -------- ------ |.._..| ------- + * ) [ grondr the Trailblazer Experience level: 8 Strength: 16 Dexterity: 13 Constitution: 16 Intelligence: 13 Wisdom: 13 Charisma: 7 Health: 0(78) Energy: 28(33) Def: 8 Gold: 365 Moves: 4484 Dungeon seed: bKFiRWVR0__Qn09S Game ID: grondr_1582927830 Your Inventory: Coins $ - 365 gold pieces Amulets W - an uncursed amulet of reflection (being worn) Weapons a - an uncursed +1 dagger (alternate weapon; not wielded) b - a blessed +1 bow c - 56 uncursed +2 arrows d - 63 uncursed +0 arrows (in quiver) o - an uncursed +0 aklys of searching E - a blessed +1 nasty bow of frost (weapon in hand) Armor e - an uncursed +2 cloak of displacement (being worn) n - an uncursed +0 studded leather armor (being worn) q - an uncursed +0 dwarvish iron helm (being worn) Comestibles g - 5 uncursed food rations t - 2 uncursed pears u - an uncursed tripe ration D - an uncursed male lizard corpse Scrolls k - 4 uncursed scrolls of blank paper m - an uncursed scroll of identify C - a blessed scroll of identify K - an uncursed scroll of teleportation P - an uncursed scroll of charging S - an uncursed scroll of remove curse Z - an uncursed scroll of fire Wands i - an uncursed wand of striking (0:1) A - an uncursed wand of lightning (0:4) T - an uncursed wand of slow monster (0:6) V - an uncursed wand of striking (0:4) Tools h - 5 uncursed tallow candles (0:200) l - a cursed tallow candle (0:200) p - a cursed brass lantern (0:868) r - an uncursed stethoscope s - an uncursed towel w - an uncursed tin whistle x - an uncursed oil lamp (0:87) B - an uncursed pair of lenses G - an uncursed +0 pick-axe I - an uncursed mirror M - 3 uncursed wax candles (0:400) Q - an uncursed skeleton key X - an uncursed skeleton key Gems y - 2 uncursed worthless pieces of white glass z - an uncursed agate stone J - an uncursed jade stone N - an uncursed worthless piece of blue glass O - 2 uncursed worthless pieces of orange glass R - an uncursed worthless piece of red glass Y - 3 uncursed worthless pieces of green glass Spells and supernatural/magical abilities: Name Level Category Cost Memory a - force bolt 1 attack 17pw 100% c - cause fear 3 enchantment 3000pw 100% W - pray for help -- divine ? -- Your skills at the end: Fighting Skills wands [Basic] Weapon Skills dagger [Skilled] bow [Expert] Spellcasting Skills Final Attributes: You had transgressed. You had automatic searching. You were displaced. You were stealthy. You had reflection. You last prayed 3398 turns ago. Venus was noncommittal. You are dead. Vanquished creatures: 2 dwarf kings 2 gnome kings a dwarf mummy a lizard a dingo a housecat 2 dwarf lords a gnome mummy an ape a bugbear a water nymph 7 Mordor orcs 4 orc shamans 13 gnome lords 3 gnomish wizards a kobold mummy a barrow wight 3 elf zombies a paper golem a little dog 14 dwarves 8 hill orcs a rothe 2 giant bats a monkey 4 dwarf zombies a wererat 2 hobbits 5 hobgoblins 3 giant rats a yellow mold a green mold 42 gnomes 2 garter snakes 10 gnome zombies a gecko a jackal 6 goblins 4 sewer rats 2 grid bugs 3 lichens 5 newts 167 creatures vanquished. Voluntary challenges: You had followed a strict vegan diet until turn 2488. You had followed a strict vegetarian diet until turn 2488. You used a wielded weapon 107 times, starting on turn 218. You read items or engraved 19 times, starting on turn 611. You never genocided any monsters. You never polymorphed an object. You never changed form. You used no wishes. You never split a pudding. You wrote Elbereth's name 6 times, starting on turn 611. You violated your moral code, losing 44 points of alignment, starting on turn 4428. Dungeon overview: The Dungeons of Doom: levels 1 to 2 Level 1 an altar to Venus a long staircase Level 2 a general store, a fountain, a sink stairs to The Gnomish Mines The Gnomish Mines: levels 3 to 10 Level 3 stairs to The Dungeons of Doom Level 4 Level 5 many shops, a temple to Mars, some fountains Level 6 Level 7 Level 8 Level 9 Level 10 <- You were here some altars to Moloch, a fountain History has recorded: On T:1 you entered the Dungeons of Doom to retrieve the Amulet of Yendor! On T:245 you reached level 2 of The Dungeons of Doom. On T:606 you reached level 1 of The Gnomish Mines. On T:613 you advanced to experience level 2. On T:651 you advanced to experience level 3. On T:659 you advanced to experience level 4. On T:751 you reached level 2 of The Gnomish Mines. On T:821 you advanced to experience level 5. On T:1011 you reached level 3 of The Gnomish Mines. On T:1435 you reached level 4 of The Gnomish Mines. On T:1513 you advanced to experience level 6. On T:1802 you reached level 5 of The Gnomish Mines. On T:1945 you advanced to experience level 7. On T:2336 you reached level 6 of The Gnomish Mines. On T:3154 you reached level 7 of The Gnomish Mines. On T:3404 you advanced to experience level 8. On T:3497 you reached level 8 of The Gnomish Mines. Score breakdown: Gold: 365 ( 8720 points) Experience: 8 levels (14739 points) Exploration: 10 levels ( 20.00%) (12857 points) Discoveries: 14 items ( 4.61%) ( 6437 points) Valuables value: (no points given unless you survive) Artifact value: 0 ( 0 points) Variety of kills: 42 monsters ( 11.05%) ( 9973 points) Turncount: 4484 turns (-1193 points) Survival: died (score multiplied by 80%) Total score: 41226 Latest messages: The wand hits the ogre lord! You feel like a hypocrite. The engraving beneath you fades. The soldier ant strikes at your displaced image and misses you! (2x) You are now wielding your magical bow. a - an uncursed +1 dagger (alternate weapon; not wielded). The arrow misses the ogre lord. You shoot 4 arrows. The 1st arrow hits the soldier ant. The 2nd arrow misses the soldier ant. The 3rd arrow misses the soldier ant. The 4th arrow hits the soldier ant! The soldier ant bites! The soldier ant stings! The soldier ant's sting was poisoned! The soldier ant bites! The soldier ant stings! The soldier ant's sting was poisoned! You die... Final status: Goodbye grondr the Ranger, poisoned by a soldier ant... You died in The Gnomish Mines on dungeon level 10 with 41226 points, and 365 pieces of gold, after 4484 moves. You were level 8 with a maximum of 78 hit points when you died.